Map: Year Zero LE

Players

Nerchio

  • Race: Zerg Zerg
  • Spawn Location: 1:00

Stephano - Winner!

  • Race: Zerg Zerg
  • Spawn Location: 11:00

Event: IEM Season 13: Katowice (2019)

VOD

Have the link to the VOD?

Description

Time

  • Played on: Feb. 25, 2019, 11:29 a.m.
  • Length: 10:11

All games in this series

Show
View Real Time Build Order
Export as new Build Order

Nerchio Zerg 

Build Orders: Hatch First 

Get SALT Encoding   

  12  0:00  Drone  
  13  0:12  Overlord  
  13  0:17  Drone  
  14  0:31  Drone x2  
  14  0:34  Drone  
  17  0:52  Hatchery  
  17  0:56  Drone  
  17  0:59  Drone  
  18  1:10  Extractor  
  17  1:14  Spawning Pool  
  17  1:17  Drone  
  17  1:20  Drone  
  18  1:28  Drone  
  19  1:39  Overlord  
  19  1:50  Drone  
  20  2:00  Queen  
  22  2:04  Queen, Drone  
  22  2:05  Drone  
  26  2:09  Metabolic Boost  
  26  2:12  Drone  
  27  2:17  Drone  
  27  2:22  Drone  
  29  2:26  Drone  
  30  2:38  Hatchery  
  30  2:41  Drone  
  30  2:44  Drone  
  31  2:45  Drone  
  31  2:50  Overlord  
  32  2:56  Queen  
  34  3:00  Zergling x2  
  34  3:01  Zergling x2  
  36  3:12  Drone x5  
  41  3:14  Drone  
  41  3:18  Drone x2  
  44  3:26  Roach Warren  
  43  3:30  Overlord  
  42  3:34  Overlord  
  42  3:36  Extractor  
  42  3:41  Overlord  
  41  3:44  Drone x3  
  41  3:48  Overlord  
  44  4:05  Overlord  
  44  4:06  Roach x5  
  54  4:15  Roach x3  
  60  4:25  Roach, Extractor  
  60  4:26  Roach x3  
  67  4:34  Lair  
  67  4:38  Drone x5  
  68  4:44  Drone  
  68  4:45  Drone x2  
  75  4:50  Evolution Chamber  
  75  4:51  Drone x2  
  76  4:55  Drone  
  76  4:56  Drone  
  76  4:59  Overlord  
  78  5:04  Overlord  
  78  5:09  Drone x2  
  78  5:10  Drone x2  
  78  5:13  Overlord  
  81  5:16  Extractor  
  81  5:17  Drone x2  
  81  5:19  Extractor  
  81  5:21  Drone  
  82  5:26  Drone  
  83  5:28  Evolution Chamber, Drone x2  
  83  5:30  Drone  
  83  5:31  Drone  
  83  5:34  Glial Reconstitution  
  86  5:37  Pneumatized Carapace  
  86  5:39  Drone  
  86  5:41  Drone  
  88  5:44  Zerg Missile Weapons Level 1, Drone x2  
  88  5:46  Drone  
  88  5:47  Drone  
  88  5:48  Extractor, Drone  
  93  5:50  Drone  
  93  5:54  Overseer  
  93  5:57  Zerg Ground Armor Level 1  
  93  5:58  Drone x2  
  93  5:59  Drone  
  93  6:00  Drone  
  93  6:03  Overlord  
  97  6:05  Overlord  
  97  6:07  Ravager x2  
  97  6:08  Ravager  
  97  6:09  Ravager  
  103  6:11  Roach  
  103  6:12  Roach  
  103  6:15  Overlord  
  103  6:17  Overlord  
  105  6:22  Overlord  
  105  6:28  Roach  
  105  6:29  Roach x4  
  115  6:33  Roach x2  
  115  6:35  Roach x2  
  115  6:37  Roach  
  115  6:39  Roach  
  127  6:40  Roach  
  127  6:41  Overseer  
  133  6:54  Roach x4  
  133  6:56  Overlord  
  133  6:58  Overlord, Hatchery  
  133  7:01  Overlord  
  136  7:10  Overlord  
  136  7:11  Overlord x3  
  136  7:16  Roach x3  
  136  7:17  Roach  
  136  7:19  Overseer  
  136  7:21  Roach x2  
  148  7:23  Ravager x3  
  148  7:26  Roach  
  148  7:27  Roach  
  148  7:29  Roach  
  157  7:32  Roach x2  
  157  7:34  Roach  
  157  7:35  Roach  
  165  7:38  Zerg Missile Weapons Level 2  
  165  7:41  Roach x2  
  169  7:44  Roach  
  169  7:45  Roach  
  169  7:46  Roach  
  169  7:47  Overseer  
  169  7:49  Roach  
  177  7:52  Roach x2  
  181  8:05  Roach x2  
  185  8:07  Overlord x2  
  185  8:08  Overlord x2  
  185  8:09  Ravager  
  186  8:18  Hydralisk Den  
  174  8:28  Roach x12  
  178  8:34  Queen x2  
  178  8:40  Roach x3  
  159  8:50  Roach x5  
  133  8:59  Roach x3  
  136  9:02  Roach  
  136  9:10  Drone x5  
  136  9:14  Ravager x3  
  136  9:16  Roach x2  
  148  9:21  Roach x2  
  148  9:22  Drone  
  153  9:24  Drone  
  153  9:28  Roach, Ravager x2  
  154  9:37  Roach x4  
  158  9:40  Roach  
  160  9:48  Roach  
  160  9:49  Roach x3  
Show
View Real Time Build Order
Export as new Build Order

Stephano Zerg - Winner!

Build Orders: Hatch First 

Get SALT Encoding   

  12  0:01  Drone  
  13  0:13  Overlord  
  13  0:17  Drone  
  14  0:31  Drone x2  
  16  0:49  Hatchery  
  15  0:52  Drone  
  15  0:55  Drone  
  17  0:59  Drone  
  18  1:14  Spawning Pool  
  18  1:17  Drone  
  18  1:20  Drone  
  19  1:28  Drone  
  19  1:31  Extractor  
  20  1:40  Drone  
  20  1:49  Drone  
  21  2:02  Queen x2  
  21  2:03  Overlord, Drone  
  26  2:11  Drone  
  26  2:12  Drone  
  28  2:22  Drone x2  
  30  2:33  Zergling x2  
  30  2:36  Zergling x2  
  32  2:37  Queen, Evolution Chamber  
  33  2:44  Overlord  
  33  2:45  Drone  
  34  2:55  Drone x2  
  36  3:02  Zerg Missile Weapons Level 1  
  36  3:08  Drone x2  
  36  3:09  Drone x4, Roach Warren  
  36  3:11  Drone  
  42  3:18  Lair  
  42  3:21  Overlord  
  42  3:25  Extractor, Drone  
  42  3:28  Drone  
  42  3:29  Drone  
  43  3:35  Drone  
  43  3:39  Drone x2  
  45  3:42  Extractor, Drone x2  
  45  3:46  Evolution Chamber  
  45  3:49  Overlord  
  45  3:51  Drone x3  
  48  3:58  Overlord  
  48  4:09  Overlord  
  48  4:16  Drone x2  
  50  4:19  Drone x2  
  50  4:21  Drone  
  50  4:22  Hatchery  
  50  4:23  Zerg Ground Armor Level 1  
  52  4:27  Glial Reconstitution  
  52  4:30  Drone x3  
  55  4:32  Extractor  
  55  4:33  Drone  
  55  4:40  Overlord  
  55  4:48  Overlord  
  55  4:51  Overlord  
  55  4:55  Overseer  
  55  4:58  Zerg Missile Weapons Level 2  
  55  5:01  Roach x5  
  55  5:04  Drone x3  
  68  5:12  Drone  
  70  5:21  Drone x2  
  70  5:27  Roach x4  
  79  5:34  Roach x2  
  79  5:35  Roach x3  
  89  5:40  Extractor  
  88  5:43  Overlord  
  88  5:44  Overlord  
  88  5:52  Tunneling Claws  
  88  5:53  Burrow  
  88  5:54  Roach x4  
  88  5:56  Roach  
  98  6:05  Drone x4  
  98  6:07  Overlord x2  
  102  6:13  Roach x2  
  102  6:14  Roach  
  108  6:19  Roach x3  
  108  6:25  Roach, Overlord  
  116  6:31  Roach x3  
  122  6:35  Roach x2  
  122  6:36  Pneumatized Carapace  
  126  6:44  Roach x4  
  126  6:45  Ravager x2  
  136  6:53  Overlord x2  
  136  6:59  Overlord  
  136  7:01  Overlord  
  136  7:08  Overlord  
  136  7:11  Roach  
  136  7:12  Roach x4  
  146  7:20  Roach x6  
  158  7:24  Roach x2  
  158  7:28  Overlord  
  162  7:31  Overlord  
  162  7:34  Roach x12  
  162  7:37  Overlord  
  162  7:48  Roach x4  
  162  7:49  Overlord  
  170  7:55  Roach x7  
  184  8:02  Roach x3  
  186  8:10  Roach x4  
  194  8:16  Roach x10  
  194  8:17  Overlord  
  194  8:26  Roach x5  
  194  8:29  Roach x2  
  194  8:33  Roach x3  
  182  8:42  Roach x5  
  182  8:43  Extractor  
  161  8:52  Roach x4  
  161  8:53  Hatchery  
  158  8:56  Roach x2  
  158  9:00  Roach  
  158  9:01  Roach  
  156  9:05  Roach x2  
  156  9:09  Ravager x2  
  152  9:10  Ravager  
  152  9:11  Ravager  
  152  9:12  Ravager x3  
  152  9:13  Ravager  
  152  9:14  Ravager x2  
  152  9:15  Roach  
  152  9:16  Roach  
  162  9:20  Roach  
  162  9:21  Roach  
  162  9:23  Overseer  
  166  9:25  Roach x6  
  166  9:28  Roach x3  
  172  9:32  Roach x2  
  172  9:36  Roach x2  
  177  9:42  Roach x2  
  178  9:48  Roach x3  

Tags
 
Add a new tag
Caveats
  • Supply blocks, unpowered buildings, or Contaminate may cause inaccurate times.
  • Supply counts are checked every 10 seconds.